 Dungeon Crawl Stone Soup version 0.18-a0-1718-g40ea4b6 (webtiles) character file.

7544 FlyingLobster the Blocker (level 10, -4/79 HPs)
             Began as a Demonspawn Fighter on Apr 7, 2016.
             Was a Follower of Makhleb.
             Killed from afar by edsrzf's ghost (11 damage)
             ... with a spray of energy
             ... on level 2 of the Lair of Beasts.
             The game lasted 02:51:53 (8828 turns).

FlyingLobster the Blocker (Demonspawn Fighter)      Turns: 8828, Time: 02:51:53

Health: -4/79      AC: 22    Str: 19    XL:     10   Next: 96%
Magic:  11/11      EV:  6    Int: 10    God:    Makhleb [*.....]
Gold:   413        SH: 12    Dex: 23    Spells: 0 memorised, 9 levels left

rFire  . . .     SeeInvis .     E - +4 flail (freeze)
rCold  + . .     Gourm    .     j - +0 plate armour
rNeg   . . .     Faith    .     c - +0 shield
rPois  +         Spirit   .     D - +2 hat
rElec  .         Dismiss  .     n - +2 cloak {rPois}
rCorr  .         Reflect  .     (gloves unavailable)
SustAt .         Harm     .     (no boots)
MR     +....     Rnd*Rage +     F - amulet of rage
Stlth  ..........               A - ring of protection from cold
                                e - +6 ring of dexterity

@: agile, somewhat resistant to hostile enchantments, extremely unstealthy
A: claws 3, rough black scales 1, berserk 1, blurry vision 1, high mp 1, magic
resistance 1, powered by pain 1, MP-powered wands
a: Renounce Religion, Evoke Berserk Rage


You were on level 2 of the Lair of Beasts.
You worshipped Makhleb.
Makhleb was aware of your devotion.
You were not hungry.

You visited 3 branches of the dungeon, and saw 11 of its levels.

You collected 489 gold pieces.
You spent 76 gold pieces at shops.

Inventory:

Hand Weapons
 a - a +1 flail
 m - a +3 quarterstaff of chaos
 t - the +5 pair of quick blades "Gyre" and "Gimble" {pierce, Dex-3}
   (You found it on level 7 of the Dungeon)

   It inflicts extra damage upon your enemies.
   It affects your dexterity (-3).
 y - a +1 flail of draining
 E - a +4 flail of freezing (weapon)
Missiles
 k - 90 stones (quivered)
Armour
 c - a +0 shield (worn)
 j - a +0 plate armour (worn)
 n - a +2 cloak of poison resistance (worn)
 x - a +0 swamp dragon armour
 D - a +2 hat (worn)
Jewellery
 e - a +6 ring of dexterity (left claw)
 A - a ring of protection from cold (right claw)
 C - an uncursed amulet of dismissal
 F - an amulet of rage (around neck)
Wands
 b - a wand of flame (28/48)
 h - a wand of polymorph (0/24)
 p - a wand of teleportation (5/9)
 r - a wand of digging (7/24)
 u - a wand of paralysis (6/24)
 B - a wand of polymorph (7/24)
 K - a wand of acid (8/15)
Scrolls
 i - 2 scrolls of remove curse
 s - 5 scrolls of amnesia
 v - 3 scrolls of recharging
 w - 3 scrolls of magic mapping
 H - 4 scrolls of identify
 J - a scroll of fear
Potions
 o - 2 potions of ambrosia
 q - 3 potions of curing
 I - a potion of lignification
 M - a potion of brilliance
Books
 G - a book of Dreams

   Spells                             Type                      Level
   a - Ensorcelled Hibernation        Hexes/Ice                    2
   b - Silence                        Hexes/Air                    5
   c - Darkness                       Hexes                        6
   d - Shadow Creatures               Summoning                    6
Miscellaneous
 d - a stone of tremors
Comestibles
 f - a bread ration
 g - 4 beef jerkies
 l - 3 meat rations
 z - a slice of pizza
 L - 3 fruits


   Skills:
 + Level 7.3 Fighting
 + Level 7.8 Maces & Flails
 + Level 4.0 Throwing
 + Level 7.2 Armour
 + Level 2.2 Dodging
 + Level 1.2 Stealth
 + Level 9.2 Shields


You had 9 spell levels left.
You didn't know any spells.

Dungeon Overview and Level Annotations

Branches:
Dungeon (8/15)             Temple (1/1) D:7            Lair (2/8) D:8

Altars:
Cheibriados
Dithmenos
Gozag
Kikubaaqudgha
Makhleb
Nemelex Xobeh
Okawaru
Qazlal
Sif Muna
Trog
Vehumet
Xom
Yredelemnul
The Shining One

Shops:
D:7 [

Annotations:
Lair:2 edsrzf's ghost, journeyman VSCj


Innate Abilities, Weirdness & Mutations

You have claws for hands.
You are partially covered in rough black scales (AC +4, Dex -1).
You sometimes gain a little power by taking damage.
You tend to lose your temper in combat.
Scrolls take you a little longer to read.
You have an increased reservoir of magic (+10% MP).
You are resistant to hostile enchantments.
You expend magic power (3 MP) to strengthen your wands.


Message History

You're too confused!
You hit edsrzf's ghost. You freeze edsrzf's ghost.
Edsrzf's ghost is lightly damaged.
Edsrzf's ghost hits you but does no damage.
You feel less confused. Edsrzf's ghost casts a spell at you.
The spray of energy hits you!
* * * LOW HITPOINT WARNING * * *
Edsrzf's ghost waves a bulging coin purse at you.
Edsrzf's ghost casts a spell at you. You block the orb of energy.
The orb of energy explodes!
Edsrzf's ghost says very slowly, "There's no hope."
There is an open door here.
Edsrzf's ghost casts a spell at you. The spray of energy hits you!
* * * LOW HITPOINT WARNING * * *
There is an escape hatch in the ceiling here.
Edsrzf's ghost points at you and mumbles some strange words.
The spray of energy hits you!
You die...

##(.##......# ..#
##(.# #.....## ..#
#...###.....## #.#
#.....#.....## #.#
#...###.....#. #.#
##.#.##.....##
##.####.####.....##
#...P.#'###P.....##
#.@..W...........#P
##.................
#.................†
##.................
#.................
#P..###.###.....##.
#.... #.# ###......
#...# #.# #P...#..
#....#..


You could see edsrzf's ghost.

Vanquished Creatures
  A hydra (Lair:1)
  Erica (Lair:1)
  A hill giant (D:7)
  Pikel (D:7)
  A spiny frog (Lair:2)
  3 komodo dragons
  Duvessa (D:7)
  A hippogriff (Lair:1)
  2 water moccasins
  A swamp drake (D:8)
  2 porcupines
  An ice beast (D:6)
  A slave (D:6)
  2 phantoms
  A black bear (D:6)
  An ogre (D:7)
  4 centaurs
  7 crocodiles
  7 giant frogs
  Dowan (D:7)
  3 scorpions
  6 wights (D:7)
  2 electric eels (Lair:1)
  4 crimson imps
  A quasit (D:5)
  A giant frog zombie (D:5)
  A gnoll shaman (D:5)
  An orc priest (D:6)
  Crazy Yiuf (D:2)
  A centaur skeleton (D:7)
  Ijyb (D:2)
  Natasha (thrice) (D:2)
  5 iguanas
  5 orc wizards
  9 worker ants
  8 gnolls
  12 adders
  3 shadow imps
  An adder skeleton (D:3)
  6 worms
  3 dart slugs
  A giant gecko (D:8)
  31 orcs
  6 bats
  5 giant cockroaches
  4 goblins
  9 hobgoblins
  2 jackals (D:6)
  4 quokkas
  4 ball pythons
  A giant gecko skeleton (D:3)
  4 giant newts
  A jackal skeleton (D:3)
  6 kobolds
  A quokka skeleton (D:5)
  A quokka zombie (D:3)
  7 rats
204 creatures vanquished.

Vanquished Creatures (others)
  A slave (D:7)
1 creature vanquished.

Grand Total: 205 creatures vanquished

Notes
Turn   | Place    | Note
--------------------------------------------------------------
     0 | D:1      | FlyingLobster the Demonspawn Fighter began the quest for the Orb.
     0 | D:1      | Reached XP level 1. HP: 18/18 MP: 1/1
   118 | D:1      | Reached skill level 3 in Shields
   252 | D:1      | Gained mutation: You have sharp fingernails. [demonic ancestry]
   252 | D:1      | Reached XP level 2. HP: 24/24 MP: 2/2
   480 | D:1      | Gained mutation: You are resistant to hostile enchantments. [potion of beneficial mutation]
   829 | D:1      | Reached XP level 3. HP: 27/29 MP: 3/3
  1093 | D:2      | Noticed Natasha
  1104 | D:2      | Killed Natasha
  1151 | D:2      | Noticed Natasha
  1189 | D:2      | Killed Natasha
  1189 | D:2      | Reached skill level 1 in Dodging
  1189 | D:2      | Gained mutation: You are partially covered in rough black scales (AC +4, Dex -1). [demonic ancestry]
  1189 | D:2      | Reached XP level 4. HP: 18/35 MP: 4/4
  1419 | D:2      | Noticed Ijyb
  1421 | D:2      | Noticed Natasha
  1439 | D:2      | Killed Ijyb
  1445 | D:2      | Killed Natasha
  1445 | D:2      | Reached XP level 5. HP: 32/41 MP: 5/5
  1559 | D:2      | Noticed Crazy Yiuf
  1567 | D:2      | Killed Crazy Yiuf
  2065 | D:3      | Reached skill level 1 in Throwing
  2120 | D:3      | Reached skill level 4 in Shields
  2426 | D:3      | Gained mutation: You sometimes gain a little power by taking damage. [demonic ancestry]
  2426 | D:3      | Reached XP level 6. HP: 36/48 MP: 6/6
  2438 | D:3      | Gained mutation: You expend magic power (3 MP) to strengthen your wands. [potion of mutation]
  2438 | D:3      | Gained mutation: You have an increased reservoir of magic (+10% MP). [potion of mutation]
  3720 | D:5      | Entered Level 5 of the Dungeon
  3825 | D:5      | Reached XP level 7. HP: 53/53 MP: 7/7
  4197 | D:5      | Reached skill level 5 in Shields
  4691 | D:6      | Gained mutation: You have very sharp fingernails. [demonic ancestry]
  4691 | D:6      | Reached XP level 8. HP: 34/60 MP: 8/8
  4903 | D:6      | Found a snail-covered altar of Cheibriados.
  5010 | D:6      | Reached skill level 5 in Maces & Flails
  5040 | D:6      | Reached skill level 6 in Shields
  5312 | D:7      | Noticed a hill giant
  5326 | D:7      | Found a snail-covered altar of Cheibriados.
  5326 | D:7      | Noticed Pikel
  5397 | D:6      | HP: 1/61 [centaur (4)]
  5404 | D:6      | Reached skill level 5 in Fighting
  5768 | D:7      | Killed Pikel
  5768 | D:7      | Reached skill level 5 in Armour
  5768 | D:7      | Reached skill level 7 in Shields
  5768 | D:7      | Gained mutation: You have claws for hands. [demonic ancestry]
  5768 | D:7      | Reached XP level 9. HP: 34/68 MP: 9/9
  5786 | D:7      | Found Ibofria's Antique Armour Shoppe.
  5831 | D:7      | Bought a glowing hat for 76 gold pieces
  6030 | D:7      | Found a staircase to the Ecumenical Temple.
  6040 | Temple   | Entered the Ecumenical Temple
  6240 | Temple   | Became a worshipper of Makhleb the Destroyer
  6285 | D:7      | Noticed Duvessa
  6292 | D:7      | Noticed Dowan
  6300 | D:7      | Killed Duvessa
  6326 | D:7      | Killed Dowan
  6369 | D:7      | Killed a hill giant
  6369 | D:7      | Reached skill level 1 in Stealth
  6369 | D:7      | Reached skill level 8 in Shields
  6893 | D:8      | Found a deep blue altar of Sif Muna.
  6905 | D:8      | Gained mutation: Scrolls take you a little longer to read. [potion of mutation]
  6905 | D:8      | Gained mutation: You tend to lose your temper in combat. [potion of mutation]
  7470 | D:8      | Reached XP level 10. HP: 74/76 MP: 11/11
  7510 | D:8      | Reached * piety under Makhleb
  7578 | D:8      | Found a staircase to the Lair.
  7616 | Lair:1   | Entered Level 1 of the Lair of Beasts
  8094 | Lair:1   | Noticed Erica
  8109 | Lair:1   | Killed Erica
  8416 | Lair:1   | Noticed a five-headed hydra
  8432 | Lair:1   | Killed a five-headed hydra
  8432 | Lair:1   | Reached skill level 9 in Shields
  8774 | Lair:2   | Noticed a spiny frog
  8782 | Lair:2   | Killed a spiny frog
  8809 | Lair:2   | Noticed edsrzf's ghost (journeyman VSCj)
  8828 | Lair:2   | Killed from afar by edsrzf's ghost

Vault maps used:
D:1:      evilmike_arrival_run_for_it
D:2:      grunt_ministairs_15, uniq_crazy_yiuf_cottage, uniq_natasha, uniq_iyjb
D:3:      serial_undead, serial_undead_c, serial_undead_a, serial_undead_d,
          serial_undead_a, serial_undead_a, serial_undead_f, serial_undead_a
D:4:      minmay_stone_trees_large
D:5:      first_bread
D:6:      slow_altar_1, minitemple, kennysheep_mini
D:7:      minmay_temple_entry_crystal_x, basic_altar, serial_shops, shop,
          kennysheep_windowed_goal, uniq_duvessa, uniq_pikel
D:8:      old_standard_altar, erik_lair_dragon
Temple:   circular_temple_12
Lair:1:   lemuel_fruit_fields, uniq_erica
Lair:2:   lab_entry_generic, st_stairs_6, uniq_urug, uniq_gastronok

Skill      XL: |  1  2  3  4  5  6  7  8  9 10 |
---------------+-------------------------------+-----
Shields        | 3 4 5 7 8 9 |  9.2
Maces & Flails | 2 3 4 5 6 7 |  7.8
Armour         | 3 4 5 7 |  7.2
Dodging        | 1 2 |  2.2
Throwing       | 1 2 3 4 |  4.0
Fighting       | 4 5 6 7 |  7.3
Stealth        | 1 |  1.2

Action                   |  1- 3 |  4- 6 |  7- 9 | 10-12 || total
-------------------------+-------+-------+-------+-------++-------
Melee: Flail             |   101 |   340 |   490 |   136 ||  1067
Throw: Stone             |    25 |    55 |    79 |    33 ||   192
  Use: Scroll            |     4 |     6 |     6 |     5 ||    21
       Potion            |     5 |     3 |     7 |     1 ||    16
 Stab: Confused          |       |       |       |     1 ||     1
  Eat: Meat ration       |     1 |     1 |       |       ||     2
       Bread ration      |       |       |     4 |     1 ||     5
       Beef jerky        |       |       |       |     1 ||     1
